Crunch Buttsteak, chaotic male giant Barbarian .............%...# ................ ......%......%..........- ..........)%.)......# | ....---##----##---- #---- ....|..@................| ....#`&E@...............| ....#XHq...............-- ..--|DXH...n...........| ..|.|.&...@...{`.....H.| --- --- --- --- ..-.-....V.......{.....-...............................................?#.. ..-.+......S{..........-...............................................?#.. ..|.|..........{.......| .......--- --- --- --- .............?#.. ..--|..................| ....+| ....#..........N.......- .| ....#...................| | ....|...............?...| ..<.---##----##----##---- ...%...... ..# ... ........... ... ... ................. #... Crunch Buttsteak the Brigand Experience level: 12 Strength: 18/06 Dexterity: 19 Constitution: 18 Intelligence: 9 Wisdom: 11 Charisma: 7 Health: 0(121) Energy: 11(11) Def: 34 Gold: 0 Moves: 25297 Dungeon seed: Vv3UN-vzANaBb8V9 Game ID: Crunch Buttsteak_1593155543 Your Inventory: Weapons g - the blessed fireproof +0 Big Stick (weapon in hand) t - the blessed rustproof +6 Cleaver (alternate weapon; not wielded) Armor k - a blessed +4 shield of reflection (being worn) s - a blessed +3 elven cloak (being worn) M - an uncursed +0 dented pot (being worn) Comestibles m - an uncursed lizard corpse Rings A - an uncursed ring of regeneration (on right hand) G - an uncursed +1 ring of protection (on left hand) Wands H - an uncursed wand of sleep (0:7) O - an uncursed wand of digging (0:4) P - an uncursed wand of striking (0:2) Z - a blessed wand of striking (0:6) Tools c - a cursed stethoscope d - an uncursed -1 unicorn horn l - an uncursed skeleton key n - an uncursed blindfold F - a blessed bag of holding Gems f - a blessed luckstone Boulders/Statues h - an uncursed boulder i - an uncursed boulder j - an uncursed boulder o - an uncursed boulder q - an uncursed boulder r - an uncursed boulder u - an uncursed boulder w - an uncursed boulder y - an uncursed boulder z - an uncursed boulder B - an uncursed boulder C - an uncursed boulder D - an uncursed boulder E - an uncursed boulder I - an uncursed boulder J - an uncursed boulder K - an uncursed boulder L - an uncursed boulder R - an uncursed boulder S - an uncursed boulder T - an uncursed boulder X - a cursed boulder Y - a cursed boulder Contents of the bag of holding: 12990 gold pieces an uncursed amulet of reflection 5 blessed +4 daggers named +4 Puddingbane 3 blessed +5 daggers named +5 Vladsbane an uncursed +1 mummy wrapping an uncursed -1 pair of levitation boots an uncursed +0 pair of water walking boots 7 uncursed K-rations 2 uncursed bananas an uncursed carrot 3 [uncursed] cram rations an uncursed egg 11 uncursed eggs 14 uncursed food rations 6 uncursed fortune cookies an uncursed lembas wafer an uncursed lizard corpse an uncursed melon an uncursed orange 2 [uncursed] tin [of giant meat]'s 3 uncursed tripe rations 4 blessed scrolls of blank paper 4 uncursed scrolls of blank paper a cursed scroll of blank paper a [uncursed] scroll of confuse monster a blessed scroll of create monster an uncursed scroll of create monster 2 uncursed scrolls of earth 2 cursed scrolls of earth 3 uncursed scrolls of fire a cursed scroll of fire 5 uncursed scrolls of identify an uncursed scroll of light a [uncursed] scroll of magic mapping a cursed scroll of punishment a blessed scroll of remove curse a [uncursed] scroll of remove curse 3 uncursed scrolls of scare monster an uncursed scroll of scare monster a blessed scroll of stinking cloud an uncursed scroll of stinking cloud 10 uncursed scrolls of teleportation 2 cursed scrolls of teleportation an uncursed spellbook of light an uncursed spellbook of stone to flesh 6 uncursed diluted potions of full healing a cursed potion of blindness 2 [uncursed] potions of blindness a cursed potion of booze 2 [cursed] potions of full healing 2 uncursed potions of gain level a blessed potion of healing 3 uncursed potions of healing a potion of holy water 2 uncursed potions of levitation an uncursed potion of monster detection a blessed potion of object detection 5 uncursed potions of object detection 2 cursed potions of object detection 2 blessed potions of oil an uncursed potion of oil an uncursed potion of paralysis a [uncursed] potion of see invisible an uncursed potion of speed a cursed potion of speed a [blessed] potion of speed 2 potions of unholy water 2 uncursed potions of water an uncursed ring of conflict an uncursed ring of fire resistance an uncursed ring of fire resistance an uncursed ring of fire resistance an uncursed ring of fire resistance an uncursed ring of fire resistance an uncursed ring of fire resistance a cursed ring of fire resistance a [uncursed] [+1] ring of gain strength a cursed ring of hunger a [cursed] ring of levitation a [cursed] ring of polymorph an uncursed ring of searching an uncursed ring of searching an uncursed ring of searching an uncursed ring of searching an uncursed ring of searching an uncursed ring of searching an uncursed ring of see invisible a [uncursed] ring of see invisible an uncursed ring of shock resistance an uncursed ring of shock resistance an uncursed ring of shock resistance an uncursed ring of sustain ability a [uncursed] ring of sustain ability an uncursed ring of warning a [uncursed] wand of create monster [0:13] a [uncursed] wand of create monster [0:11] an uncursed wand of digging [0:7] an uncursed wand of digging [0:7] a [uncursed] wand of digging [0:5] a [uncursed] wand of digging [0:7] an uncursed wand of enlightenment (0:13) a [uncursed] wand of light [0:13] a [uncursed] wand of light [0:14] an uncursed wand of locking [0:4] an uncursed wand of magic missile (0:6) an uncursed wand of magic missile (0:3) an uncursed wand of magic missile [0:7] an uncursed wand of magic missile [0:3] an uncursed wand of make invisible [0:7] an uncursed wand of opening (0:5) a blessed wand of polymorph (0:5) an uncursed wand of secret door detection (0:14) an uncursed wand of speed monster (0:7) an uncursed wand of speed monster (0:6) an uncursed wand of speed monster [0:6] an uncursed wand of speed monster [0:8] an uncursed wand of striking (0:6) an uncursed wand of striking (0:4) an uncursed wand of striking [0:1] a [uncursed] wand of striking [0:4] a [uncursed] wand of striking [0:5] an uncursed bugle an uncursed fire horn [0:3] an uncursed magic harp [0:7] an uncursed magic marker (0:34) a [uncursed] magic marker [0:99] a blessed oil lamp (0:1376) an uncursed [+0] pick-axe an uncursed sack a [uncursed] sack an uncursed tallow candle [0:200] an uncursed [+0] unicorn horn an uncursed [+0] unicorn horn an uncursed [+0] unicorn horn an uncursed [+0] unicorn horn an uncursed amber 2 [uncursed] amethysts 2 [uncursed] fluorites 2 uncursed garnets a [uncursed] jacinth 2 uncursed jades a [uncursed] jasper 11 uncursed rubies a blessed touchstone 2 [uncursed] worthless pieces of blue glass Spells and supernatural/magical abilities: Name Level Category Fail Memory c - cause fear 3 enchantment 100% 31% l - light 1 divination 100% 84% p - protection 1 clerical 100% 31% B - cure blindness 2 healing 100% 92% U - detect unseen 3 divination 100% 15% W - pray for help -- divine ? -- Your skills at the end: Miscellaneous Skills bare handed combat [Basic] shield [Skilled] Weapon Skills axe [Expert] short sword [Basic] club [Skilled] sling [Basic] Spellcasting Skills Final Attributes: You were piously aligned. You were fire resistant. You were cold resistant. You were sleep resistant. You were disintegration-resistant. You were shock resistant. You were poison resistant. You were magic-protected. You saw invisible. You were telepathic. You had infravision. You were invisible to others. You were somewhat stealthy. You regenerated. You were protected. You were fast. You had reflection. You were very lucky. You had extra luck. Good luck did not time out for you. You are dead (2nd time!). Vanquished creatures: Medusa Croesus 2 elder red dragons a gray dragon a silver dragon 2 red dragons a blue dragon a green dragon a yellow dragon a glass golem 4 minotaurs 3 baluchitheria a young silver dragon a young white dragon 3 young orange dragons 2 young black dragons a young blue dragon 3 titanotheres 2 trappers a baby gray dragon 19 baby red dragons 2 liches a nurse 2 black puddings a vampire a ghost 5 lieutenants 2 winged gargoyles a mind flayer 2 giant mimics a fire giant an Elvenking 8 ice trolls 2 doppelgangers a hezrou 3 large mimics 3 wumpuses 2 long worms a stalker 2 air elementals a fire elemental 2 earth elementals a water elemental a hill giant 2 black nagas 2 giant zombies 13 sergeants a water demon 6 wargs a winter wolf 4 quantum mechanics 2 small mimics a glass piercer a xan an ettin mummy 8 trolls 3 sasquatches a pyrolisk 2 large dogs 5 freezing spheres 4 flaming spheres a shocking sphere 2 large cats 4 gargoyles 3 dwarf kings 5 tengu 3 gelatinous cubes 2 ochre jellies 3 crocodiles 2 chameleons a leocrotta 2 energy vortices a mountain centaur 3 elf mummies 2 human mummies 2 Grey-elves 2 pit vipers a cobra 6 wraiths 2 leather golems 74 soldiers 2 incubi 3 giant beetles 3 cockatrices 7 wolves a winter wolf cub 6 black lights a lynx a panther 8 leprechauns 4 quivering blobs 9 lizards a mountain nymph an orc-captain a mumak 8 giant spiders 2 iron piercers 5 horses 4 ice vortices 6 vampire bats 7 gnome kings 2 orc mummies a dwarf mummy 2 brown puddings 5 Green-elves 2 rust monsters 4 owlbears a yeti a werewolf 3 piranhas a chickatrice 3 dogs 2 dingos a housecat 5 dwarf lords 4 blue jellies 7 water nymphs 5 white unicorns 2 gray unicorns 2 dust vortices 2 ravens 5 plains centaurs a gnome mummy 2 Woodland-elves 5 snakes 2 water moccasins 20 apes 2 rope golems 12 soldier ants 22 fire ants 2 yellow lights 9 bugbears an imp 3 wood nymphs a Mordor orc 6 Uruk-hai 4 rock moles a rock piercer 3 ponies 2 fog clouds a shrieker 3 violet fungi 22 gnome lords 8 gnomish wizards 2 kobold mummies a golden naga hatchling a guardian naga hatchling 3 gray oozes a barrow wight 10 elf zombies 2 straw golems 3 paper golems 13 giant ants 2 puppies 4 floating eyes 6 kittens 25 dwarves a homunculus 2 quasits 3 kobold lords a kobold shaman 8 iguanas 6 hill orcs 13 rothes 2 rabid rats 2 centipedes 5 jitterbugs a giant bat 2 monkeys 6 orc zombies 3 dwarf zombies 2 wererats a werejackal 24 killer bees 5 coyotes 3 gas spores 8 hobbits 2 acid blobs 3 large kobolds 6 geckos 6 hobgoblins 14 giant rats 5 cave spiders 2 brown molds 6 yellow molds 2 green molds 2 red molds 67 gnomes 11 manes 4 gnome zombies 21 jackals a fox 2 kobolds 15 newts 7 goblins 2 sewer rats 4 grid bugs 3 bats 5 lichens a kobold zombie 910 creatures vanquished. Voluntary challenges: You did not cause conflict. You were not displaced. You used a wielded weapon 1506 times, starting on turn 317. You did not use sinks. You read items or engraved 44 times, starting on turn 602. You never genocided any monsters. You never polymorphed an object. You never changed form. You cheated 6 times but completed Sokoban on turn 11366. You used 1 wish, starting on turn 23269. You wished for your your first artifact on turn 23269. You split 2 puddings, starting on turn 22414. You never wrote Elbereth's name. You violated your moral code, losing 2 points of alignment, starting on turn 13978. Dungeon overview: The Dungeons of Doom: levels 1 to 30 Level 1 an altar to Mitra a long staircase Level 2 (v) a fountain Level 3 stairs to The Gnomish Mines Level 4 (v) Level 5 Level 6 a general store Level 7 a scroll shop Level 8 an altar to Set Level 9 Level 10 stairs to Sokoban Level 11 Level 12 (v) Level 13 a temple to Set portal to Fort Ludios Level 14 Level 15 Level 16 Level 17 a temple to Set Level 18 Level 19 Level 20 a general store Level 21 a fountain Level 22 Level 23 a temple to Set Level 24 Level 25 Level 26 Level 27 Level 28 Level 29 some fountains Level 30 <- You were here many fountains, many trees The Gnomish Mines: levels 4 to 12 Level 4 stairs to The Dungeons of Doom Level 5 Level 6 Level 7 many shops, a temple to Set, a magic chest, some fountains Level 8 Level 9 Level 10 Level 11 Level 12 a fountain Sokoban: levels 6 to 9 Level 6 a magic chest Level 7 Level 8 Level 9 a magic chest stairs to The Dungeons of Doom Fort Ludios: Level 1 a magic chest portal to The Dungeons of Doom History has recorded: On T:1 you entered the Dungeons of Doom to retrieve the Amulet of Yendor! On T:530 you reached level 2 of The Dungeons of Doom. On T:1270 you reached level 3 of The Dungeons of Doom. On T:1333 you reached level 1 of The Gnomish Mines. On T:1348 you advanced to experience level 2. On T:1456 you advanced to experience level 3. On T:1641 you advanced to experience level 4. On T:1807 you advanced to experience level 5. On T:2160 you reached level 2 of The Gnomish Mines. On T:2300 you prayed to Set. On T:2304 you advanced to experience level 6. On T:2581 you reached level 3 of The Gnomish Mines. On T:3201 you advanced to experience level 7. On T:3611 you reached level 4 of The Gnomish Mines. On T:3830 you opened a magic chest. On T:3841 you entered the Minetown temple On T:3854 you received Cleaver from Set. On T:4535 you reached level 5 of The Gnomish Mines. On T:4834 you reached level 6 of The Gnomish Mines. On T:4876 you advanced to experience level 8. On T:5183 you reached level 7 of The Gnomish Mines. On T:5512 you reached level 8 of The Gnomish Mines. On T:5825 you reached level 9 of The Gnomish Mines. On T:5825 you reached the bottom of the Mines. On T:5944 you advanced to experience level 9. On T:7448 you prayed to Set. On T:7925 you reached level 4 of The Dungeons of Doom. On T:7981 you reached level 5 of The Dungeons of Doom. On T:8331 you reached level 6 of The Dungeons of Doom. On T:8538 you reached level 7 of The Dungeons of Doom. On T:8796 you reached level 8 of The Dungeons of Doom. On T:9282 you reached level 9 of The Dungeons of Doom. On T:9318 you reached level 10 of The Dungeons of Doom. On T:9579 you reached level 4 of Sokoban. On T:9953 you reached level 3 of Sokoban. On T:10162 you reached level 2 of Sokoban. On T:10569 you reached level 1 of Sokoban. On T:11366 you entered the Sokoban zoo. On T:11844 you advanced to experience level 10. On T:14019 you reached level 11 of The Dungeons of Doom. On T:14333 you reached level 12 of The Dungeons of Doom. On T:14622 you reached level 13 of The Dungeons of Doom. On T:14873 you prayed to Set. On T:15159 you reached Fort Ludios. On T:15449 you prayed to Set. On T:15485 you advanced to experience level 11. On T:16353 you killed Croesus in Fort Ludios. On T:16482 you advanced to experience level 12. On T:17791 you reached level 14 of The Dungeons of Doom. On T:17956 you prayed to Set. On T:18224 you reached level 15 of The Dungeons of Doom. On T:19732 you reached level 16 of The Dungeons of Doom. On T:19844 you reached level 17 of The Dungeons of Doom. On T:20082 you reached level 18 of The Dungeons of Doom. On T:20082 you entered the Rogue tribute level. On T:20323 you reached level 19 of The Dungeons of Doom. On T:20752 you reached level 20 of The Dungeons of Doom. On T:20933 you reached level 21 of The Dungeons of Doom. On T:21257 you reached level 22 of The Dungeons of Doom. On T:21432 you reached level 23 of The Dungeons of Doom. On T:22303 you reached level 24 of The Dungeons of Doom. On T:22323 you reached level 25 of The Dungeons of Doom. On T:22518 you reached level 26 of The Dungeons of Doom. On T:22557 you advanced to experience level 12. On T:23099 you killed Medusa on level 24 of The Dungeons of Doom. On T:23269 you wished for "blessed fireproof +5 very big stick". On T:23764 you reached level 27 of The Dungeons of Doom. On T:24301 you prayed to Set. On T:24304 you were saved from death by your amulet of life saving! On T:24349 you reached level 28 of The Dungeons of Doom. On T:24409 you reached level 29 of The Dungeons of Doom. On T:25081 you reached The Castle. On T:25294 you prayed to Set. Score breakdown: Gold: 12990 ( 1299 points) Experience: 12 levels ( 1100 points) Exploration: 30 levels ( 870 points) Discoveries: 119 items ( 2000 points) Variety of kills: 200 monsters ( 2000 points) Major goal: Sokoban/Mines ( 1500 points) Survival: died (score multiplied by 3) Total score: 26307 Latest messages: The librarian casts a spell! The librarian suddenly becomes transparent! The baluchitherium starts to attack you, but pulls back. The ettin starts to attack you, but pulls back. The fire elemental starts to attack you, but pulls back. The green dragon starts to attack you, but pulls back. The invisible titan starts to attack you, but pulls back. The succubus starts to attack you, but pulls back. The invisible titan starts to attack you, but pulls back. You feel that Set is well-pleased. You feel less confused now. The baluchitherium claws you! (2x) The ettin swings her pick-axe at you. The ettin hits you! The ettin swings her pick-axe at you. The ettin just misses! The fire elemental lashes you! The umber hulk misses. (3x) The green dragon bites! You die... The sack is empty. (2x) The sack is empty. (2x) Final status: Goodbye Crunch Buttsteak the Barbarian, killed by a green dragon... You died in The Dungeons of Doom on dungeon level 30 with 26307 points, and 12990 pieces of gold, after 25297 moves. You were level 12 with a maximum of 121 hit points when you died.